 Dungeon Crawl Stone Soup version 0.30.1-8-g117510f58f (webtiles) character file.

Game seed: 2387603963795017867

21 Peloso the Trooper (level 2, 27/27 HPs)
             Began as a Minotaur Fighter on Sept 22, 2023.
             Got out of the dungeon alive.
             The game lasted 00:01:38 (326 turns).

Peloso the Trooper (Minotaur Fighter)                Turns: 326, Time: 00:01:38

Health: 27/27      AC: 12    Str: 20    XL:     2   Next: 62%
Magic:  1/1        EV:  7    Int:  5    God:
Gold:   9          SH:  4    Dex:  9    Spells: 1/1 levels left

rFire   . . .        a - +0 long sword
rCold   . . .        d - +0 buckler
rNeg    . . .        c - +0 chain mail
rPois   .            (helmet restricted)
rElec   .            (no cloak)
rCorr   .            h - +0 pair of gloves
SInv    .            (no boots)
Will    .....        (no amulet) Stlth
                     (no ring)
HPRegen 0.24/turn    (no ring)
MPRegen 0.07/turn

%: no passive effects
@: no status effects
A: horns 2, retaliatory headbutt, hooves 1, iridescent scales 1, MP-powered
wands
a: no special abilities


You escaped.
You visited 1 branch of the dungeon, and saw 1 of its levels.

You collected 9 gold pieces.

Inventory:

Hand Weapons
 a - a +0 long sword (weapon)
Armour
 b - a +0 scale mail
 c - a +0 chain mail (worn)
 d - a +0 buckler (worn)
 h - a +0 pair of gloves (worn)
Scrolls
 f - a scroll of magic mapping
Potions
 g - a potion of might


   Skills:
 + Level 4.0 Fighting
 + Level 2.8 Long Blades
 + Level 3.9 Armour
 + Level 4.0 Shields


You had one spell level left.
You didn't know any spells.
Your spell library was empty.

Dungeon Overview and Level Annotations

Branches:
Dungeon (1/15)

Altars:


Innate Abilities, Weirdness & Mutations

You have a pair of horns on your head.
You reflexively headbutt those who attack you in melee.
You have large cloven feet.
You are partially covered in iridescent scales. (AC +2)
You expend magic power (3 MP) to strengthen your wands.


Message History

It was a potion of curing.
You feel better.
It was a potion of mutation.
You feel extremely strange.
You feel your magical essence link to the dungeon's wands.
Your feet thicken and deform.
Iridescent scales grow over part of your body.
You closely miss the hobgoblin.
The hobgoblin hits you but does no damage.
A goblin comes into view. It is wielding a +0 club.
The goblin hits you but does no damage.
The hobgoblin hits you but does no damage.
You barely miss the hobgoblin.
The goblin shouts!
Your kick misses the hobgoblin. You headbutt the hobgoblin.
The hobgoblin is heavily wounded.
You block the hobgoblin's attack. The goblin hits you but does no damage.
You hit the hobgoblin.
You kill the hobgoblin!
The goblin hits you but does no damage. The goblin hits you but does no damage.
You hit the goblin.
You kill the goblin!
The goblin attacks as you move away! The goblin hits you but does no damage.
You see here a +0 club.
You closely miss the goblin. You block the goblin's attack.
You hit the goblin.
The goblin is severely wounded.
The goblin hits you but does no damage.
You slash the goblin!
You kill the goblin!
You see here a +0 club.
(D) Dungeon
Where to? (? - help)
What level of the Dungeon? (default 1, ? - help)
Found 5 stones.
Things that are here:
a +0 whip; a kobold skeleton
There is an open door here.
There is a staircase leading out of the dungeon here.
Are you sure you want to leave the Dungeon?
This will make you lose the game!
You have escaped!

...........#
#######.)..#
#....# #....#
#....#
#######'#######
#.............#
#...##...##...#
#@..##...##..>#
#≈≈≈..........#
#≈≈≈≈.........#
#⌠≈≈≈≈.⌠.....⌠#
###############


There were no monsters in sight!

Vanquished Creatures
  4 ball pythons (D:1)
  3 goblins (D:1)
  4 hobgoblins (D:1)
  A quokka (D:1)
  A bat (D:1)
  3 kobolds (D:1)
  4 rats (D:1)
20 creatures vanquished.

Notes
Turn   | Place    | Note
-------+----------+-------------------------------------------
     0 | D:1      | Peloso the Minotaur Fighter began the quest for the Orb.
     0 | D:1      | Reached XP level 1. HP: 19/19 MP: 0/0
   145 | D:1      | Reached XP level 2. HP: 23/27 MP: 1/1
   281 | D:1      | Gained mutation: You expend magic power (3 MP) to
                  | strengthen your wands. [potion of mutation]
   281 | D:1      | Gained mutation: You have large cloven feet. [potion of
                  | mutation]
   281 | D:1      | Gained mutation: You are partially covered in iridescent
                  | scales. (AC +2) [potion of mutation]
   326 | D:$      | Got out of the dungeon alive.

Illustrated notes

Levels and vault maps discovered:
D:1:      amcnicky_arrival_flooded_fountain, layout_rooms,
          dreamdust_princess_corridor, minmay_misc_feat_rows

Skill      XL: |  1  2 |
---------------+-------+-----
Fighting       | 4 |  4.0
Shields        | 4 |  4.0
Long Blades    | |  2.8
Armour         | |  3.9

Action                     || total
---------------------------++-------
  Melee: Long sword        ||    62
         Headbutt          ||     8
    Use: Potion            ||     2
         Scroll            ||     1
 Armour: Chain mail        ||    32
         Scale mail        ||     3
  Dodge: Dodged            ||    26
  Block: Buckler           ||    27
